 Dungeon Crawl Stone Soup version 0.19-a0-1008-g4c63d25 (webtiles) character file.

72 epen the Firebug (level 4, -2/24 HPs)
             Began as a Deep Elf Fire Elementalist on July 22, 2016.
             Slain by a quokka (4 damage)
             ... on level 2 of the Dungeon.
             The game lasted 00:03:43 (1722 turns).

epen the Firebug (Deep Elf Fire Elementalist)       Turns: 1722, Time: 00:03:43

Health: -2/24      AC:  2    Str:  5    XL:     4   Next: 6%
Magic:  6/11       EV: 13    Int: 21    God:
Gold:   103        SH:  0    Dex: 15    Spells: 3 memorised, 4 levels left

rFire  . . .     SeeInvis .     (no weapon)
rCold  . . .     Gourm    .     a - +0 robe
rNeg   . . .     Faith    .     (no shield)
rPois  .         Spirit   .     (no helmet)
rElec  .         Dismiss  .     (no cloak)
rCorr  .         Reflect  .     (no gloves)
SustAt .         Harm     .     (no boots)
MR     .....                    (no amulet)
Stlth  ++........               (no ring)
                                (no ring)

@: very slightly contaminated, not resistant to hostile enchantments, unstealthy
A: no striking features
a: no special abilities


You were on level 2 of the Dungeon.
You were hungry.

You visited 1 branch of the dungeon, and saw 2 of its levels.

You collected 103 gold pieces.

Inventory:

Armour
 a - a +0 robe (worn)
Scrolls
 d - 2 scrolls of remove curse
 f - 2 scrolls of blinking {unknown}
 g - 4 scrolls of identify {unknown}
 l - a scroll of teleportation {unknown}
 n - 2 scrolls of enchant weapon {unknown}
Potions
 h - a potion of beneficial mutation {unknown}
 i - a potion of lignification {unknown}
 m - a potion of curing {unknown}
Books
 b - a book of Flames

   Spells                             Type                      Level
   a - Flame Tongue                   Conjuration/Fire             1
   b - Throw Flame                    Conjuration/Fire             2
   c - Conjure Flame                  Conjuration/Fire             3
   d - Inner Flame                    Hexes/Fire                   3
   e - Sticky Flame                   Conjuration/Fire             4
   f - Fireball                       Conjuration/Fire             5
Comestibles
 c - 2 bread rations
 j - a beef jerky
 k - a meat ration
 o - a chunk of flesh


   Skills:
 + Level 0.5 Fighting
 + Level 3.2 Dodging
 - Level 2.4 Stealth
 + Level 3.5 Spellcasting
 * Level 2.4 Conjurations
 * Level 4.0 Fire Magic


You had 4 spell levels left.
You knew the following spells:

 Your Spells              Type           Power        Failure   Level  Hunger
a - Flame Tongue          Conj/Fire      ###..        3%          1    None
b - Throw Flame           Conj/Fire      ###...       6%          2    ##.....
c - Conjure Flame         Conj/Fire      ###.....     12%         3    ###....


Dungeon Overview and Level Annotations

Branches:
Dungeon (2/15)

Altars:


Message History

Aim: a quokka (moderately wounded)
The flame tongue hits the quokka.
The quokka is heavily wounded.
The quokka bites you.
* * * LOW HITPOINT WARNING * * *
Casting: Flame Tongue
Confirm with . or Enter, or press ? or * to list all spells.
Aiming: Flame Tongue
Press: ? - help, Shift-Dir - straight line, f/p - quokka
Aim: a quokka (heavily wounded)
The flame tongue misses the quokka.
The quokka barely misses you.
Casting: Flame Tongue
Confirm with . or Enter, or press ? or * to list all spells.
Aiming: Flame Tongue
Press: ? - help, Shift-Dir - straight line, f/p - quokka
Aim: a quokka (heavily wounded)
The flame tongue misses the quokka.
The quokka twitches its whiskers.
The quokka bites you.
You die...

#########
#........
##.........
##..........
##..#........
#..#..........
#........... ##
#..@.......!
....##..r........
#..............
##.##)......... #
#..........
#..%.......
#..........
#......?... .
#.######...


You could see a quokka.

Vanquished Creatures
  2 adders (D:2)
  A worm (D:2)
  2 dart slugs (D:1)
  A giant gecko (D:1)
  A ball python (D:1)
  4 bats
  2 giant cockroaches
  11 goblins
  7 hobgoblins
  2 jackals (D:1)
  A giant newt (D:2)
  11 rats
45 creatures vanquished.

Notes
Turn   | Place    | Note
-------+----------+-------------------------------------------
     0 | D:1      | epen the Deep Elf Fire Elementalist began the quest for the Orb.
     0 | D:1      | Reached XP level 1. HP: 10/10 MP: 6/6
    97 | D:1      | Reached XP level 2. HP: 11/15 MP: 1/8
   160 | D:1      | Learned a level 2 spell: Throw Flame
   732 | D:1      | Reached XP level 3. HP: 19/19 MP: 4/9
   755 | D:1      | Learned a level 3 spell: Conjure Flame
  1281 | D:2      | Reached skill level 4 in Fire Magic
  1361 | D:2      | Reached XP level 4. HP: 10/24 MP: 0/11
  1722 | D:2      | Slain by a quokka

Vault maps used:
D:1:      dpeg_arrival_rooms_a, st_stairs_5
D:2:      marbit_many_paths, uniq_terence, uniq_crazy_yiuf_cottage

Skill      XL: |  1  2  3 |
---------------+----------+-----
Conjurations   | 2 |  2.4
Dodging        | 3 |  3.2
Fire Magic     | 4 |  4.0
Fighting       | |  0.5
Stealth        | |  2.4
Spellcasting   | |  3.5

Action                   |  1- 3 |  4- 6 || total
-------------------------+-------+-------++-------
Melee: Unarmed           |     3 |     6 ||     9
       Dagger            |    42 |     5 ||    47
 Cast: Flame Tongue      |    60 |     6 ||    66
       Throw Flame       |     4 |       ||     4
  Use: Scroll            |       |     1 ||     1
 Stab: Sleeping          |       |     1 ||     1
  Eat: Chunk             |     1 |     1 ||     2
Armor: Robe              |    17 |     3 ||    20
Dodge: Dodged            |    55 |     9 ||    64
